 Dungeon Crawl Stone Soup version 0.24-a0-618-ge4662a2d14 (webtiles) character file.

Game seed: 12935503141714716599, levelgen mode: deterministic

10644 P0NYSLAYSTATION the Spear-Bearer (level 11, -1/92 HPs)
             Began as a Hill Orc Fighter on Sept 15, 2019.
             Was an Elder of Beogh.
             Slain by a two-headed ogre
             ... wielding a +3 great mace of flaming
              (11 damage)
             ... in a volcano.
             The game lasted 00:57:55 (13796 turns).

P0NYSLAYSTATION the Spear-Bearer (HOFi)            Turns: 13796, Time: 00:57:56

Health: -1/92      AC: 14    Str: 21    XL:     11   Next: 65%
Magic:  9/12       EV: 17    Int: 12    God:    Beogh [****..]
Gold:   411        SH: 13    Dex: 17    Spells: 10/10 levels left

rFire    . . .     SeeInvis .   v - +1 trident (protect)
rCold    . . .     Gourm    .   c - +0 shield
rNeg     . . .     Faith    +   b - +0 scale mail
rPois    .         Spirit   .   O - +0 helmet
rElec    .         Reflect  .   D - +0 cloak
rCorr    .         Harm     .   x - +0 pair of gloves
MR       .....                  y - +1 pair of boots
Stlth    ++........             E - amulet of faith
HPRegen  0.25/turn              (no ring)
MPRegen  0.13/turn              (no ring)

@: agile, about to teleport
A: clever 2, sturdy frame 1
a: Smiting, Recall Orcish Followers, Renounce Religion


You were in a volcano.
You worshipped Beogh.
Beogh was greatly pleased with you.
You were not hungry.

You visited 3 branches of the dungeon, and saw 14 of its levels.
You also visited: Volcano.

You collected 663 gold pieces.
You spent 252 gold pieces at shops.

Inventory:

Hand Weapons
 a - a +0 trident
 v - a +1 trident of protection (weapon)
 C - a +2 quarterstaff of chaos
 H - a +2 dagger of electrocution
 K - a +2 dagger of draining
 P - the +7 mace of Variability {chain chaos}
   (You found it on level 10 of the Dungeon)

   Each time it hits an enemy it has a different, random effect.
 R - a cursed +3 spear
 S - a +5 dagger
 T - a +3 long sword
 U - a +3 scimitar of freezing
 V - a +4 scimitar
Missiles
 t - 8 boomerangs (quivered)
Armour
 b - a +0 scale mail (worn)
 c - a +0 shield (worn)
 h - a +0 pair of boots
 x - a +0 pair of gloves (worn)
 y - a +1 pair of boots (worn)
 D - a +0 cloak (worn)
 O - a +0 helmet (worn)
Jewellery
 r - an uncursed amulet of magic regeneration
 E - an amulet of faith (around neck)
 L - an uncursed ring of teleportation
Wands
 g - a wand of polymorph (9)
 l - a wand of enslavement (23)
 p - a wand of disintegration (10)
 s - a wand of iceblast (19)
 F - a wand of flame (43)
 I - a wand of digging (8)
Scrolls
 d - 3 scrolls of fog
 i - a scroll of teleportation
 j - 2 scrolls of enchant weapon
 k - a scroll of enchant armour
 m - 3 scrolls of remove curse
 n - a scroll of random uselessness
 o - a scroll of magic mapping
 q - a scroll of acquirement
 z - a scroll of noise
 A - 4 scrolls of amnesia
 J - a scroll of vulnerability
Potions
 u - a potion of curing
 B - a potion of mutation
 G - a potion of cancellation
 M - 3 potions of agility
Miscellaneous
 N - a crystal ball of energy
Comestibles
 f - 26 rations


   Skills:
 + Level 7.6 Fighting
 + Level 11.8 Polearms
 + Level 2.5 Throwing
 + Level 8.6 Armour
 + Level 3.4 Dodging
 + Level 1.1 Stealth
 * Level 11.0 Shields
 + Level 2.1 Invocations
 + Level 0.8 Evocations


You had 10 spell levels left.
You didn't know any spells.
Your spell library contained the following spells:

 Spells                   Type           Power        Failure   Level  Hunger
 Infusion                 Chrm           #...         67%         1    ##.....
 Magic Dart               Conj           #...         67%         1    ##.....
 Sting                    Conj/Pois      #...         67%         1    ##.....
 Poisonous Vapours        Pois/Air       #.....       82%         2    ###....
 Searing Ray              Conj           #.....       82%         2    ###....
 Shroud of Golubria       Chrm/Tloc      #.....       82%         2    ###....
 Song of Slaying          Chrm           #.......     82%         2    ###....
 Dazzling Spray           Conj/Hex       #.....       96%         3    ####...
 Mephitic Cloud           Conj/Pois/Air  #.......     96%         3    ####...
 Regeneration             Chrm/Necr      #.........   96%         3    ####...
 Spectral Weapon          Hex/Chrm       #.......     96%         3    ####...
 Force Lance              Conj/Tloc      #.......     100%        4    #####..
 Fulminant Prism          Conj/Hex       #.........   100%        4    #####..
 Iskenderun's Mystic Bla  Conj           #.......     100%        4    #####..
 Olgreb's Toxic Radiance  Pois           #.......     100%        4    #####..
 Bolt of Magma            Conj/Fire/Erth #.........   100%        5    ######.
 Iskenderun's Battlesphe  Conj/Chrm      #.......     100%        5    ######.
 Venom Bolt               Conj/Pois      #.........   100%        5    ######.
 Iron Shot                Conj/Erth      #.........   100%        6    #######
 Orb of Destruction       Conj           #.........   100%        7    #######
 Spellforged Servitor     Conj/Summ      #.........   100%        7    #######


Dungeon Overview and Level Annotations

Branches:
Dungeon (11/15)            Temple (1/1) D:6            Lair (2/6) D:9
    Orc (0/2) D:9         Volcano (1/1)
  Swamp: Lair:2-4    Shoals: Lair:2-4     Snake: Lair:2-4    Spider: Lair:2-4

Altars:
Ashenzari
Cheibriados
Dithmenos
Elyvilon
Fedhas
Gozag
Hepliaklqana
Kikubaaqudgha
Makhleb
Nemelex Xobeh
Okawaru
Qazlal
Ru
Sif Muna
Trog
Uskayaw
Vehumet
Wu Jian
Xom
Yredelemnul
Zin
The Shining One

Shops:
D:4 %}(((   D:9 (

Annotations:
D:6 Prince Ribbit


Innate Abilities, Weirdness & Mutations

Your mind is very acute. (Int +4)
Your movements are slightly less encumbered by armour. (ER -2)


Message History

Smite: a two-headed ogre, wielding two +3 great maces of flaming (lightly wounded)
You smite the two-headed ogre!
The two-headed ogre is heavily wounded.
You hear two shouts!
You puncture the two-headed ogre!
Your weapon exudes an aura of protection.
The two-headed ogre is severely wounded.
The two-headed ogre hits you with a +3 great mace of flaming!
* * * LOW HITPOINT WARNING * * *
The two-headed ogre burns you.
* * * LOW HITPOINT WARNING * * *
The two-headed ogre hits you with a +3 great mace of flaming!
* * * LOW HITPOINT WARNING * * *
The two-headed ogre burns you.
* * * LOW HITPOINT WARNING * * *
A two-headed ogre comes into view.
It is wielding a +0 giant club of flaming and a +2 great mace of flaming.
As you read the scroll of teleportation, it crumbles to dust.
You feel strangely unstable.
The two-headed ogre hits you with a +3 great mace of flaming!
You die...

≈≈≈§≈§ §≈§≈§≈≈.# #########
≈§§§≈≈≈.# O.....' ≈§≈≈≈≈≈.# .8_8.
≈§≈≈≈≈≈.# O.. §§§≈§≈≈.### #)#
§§≈§≈≈≈.#.. #.# .§§≈§§≈.# #O#
§..≈≈≈≈.# #@# ≈ ≈≈§..≈S.# #.# ≈≈
≈§≈≈≈.§§# #.# ≈§§ §≈§≈§≈§.# #.#
≈≈≈≈ §≈≈≈§≈§.########+###### ≈≈≈≈
§≈≈§§§≈≈........§§...... ≈§≈§≈§○○
§§≈≈≈§≈≈§≈≈≈≈≈≈≈§≈§≈≈§≈≈§§§≈§≈≈§≈
≈§§≈§≈§≈≈≈≈≈≈≈≈≈≈§§≈§§≈§≈§§§§§≈≈≈
≈≈§§≈≈≈≈≈≈≈≈§≈≈≈≈≈≈§§≈≈≈§≈§§§≈≈§§


You could see 2 two-headed ogres.

Vanquished Creatures
  A two-headed ogre (Volcano)
  An ogre mage (Volcano)
  Psyche (D:8)
  2 spiny frogs (Lair:1)
  A komodo dragon (Lair:1)
  2 trolls
  3 hippogriffs
  13 yaks
  A fire bat (Volcano)
  2 chaos spawn (D:10)
  A water moccasin (Lair:1)
  6 porcupines
  A black bear (D:9)
  An orc warrior (D:9)
  4 ogres
  2 centaurs
  A big kobold (D:8)
  Blork the orc (D:4)
  3 crocodiles
  5 bullfrogs
  A water moccasin zombie (D:5)
  2 scorpions (D:9)
  A water moccasin skeleton (D:9)
  3 killer bees (D:9)
  2 wights (D:10)
  2 howler monkeys
  2 lava snakes (Volcano)
  7 crimson imps
  A centaur zombie (D:10)
  2 quasits
  3 jellies
  5 hounds
  An orc priest (D:6)
  7 orc wizards
  Crazy Yiuf (D:4)
  An iguana (D:4)
  3 worker ants
  Natasha (D:3)
  Ijyb (D:4)
  A killer bee zombie (D:8)
  2 hound skeletons
  A mummy (D:5)
  9 adders
  3 gnolls (D:6)
  3 river rats (D:5)
  A howler monkey skeleton (D:6)
  A shadow imp (D:9)
  3 white imps (D:7)
  2 worms
  4 dart slugs
  A leopard gecko (D:5)
  19 orcs
  9 giant cockroaches
  5 goblins
  11 hobgoblins
  13 jackals
  4 quokkas
  3 ball pythons
  12 bats
  2 frilled lizards
  12 kobolds
  A leopard gecko zombie (D:7)
  A quokka skeleton (D:4)
  8 rats
229 creatures vanquished.

Vanquished Creatures (collateral kills)
  A two-headed ogre (D:9)
  3 yaks (D:9)
  2 ogres (D:9)
  An orc warrior (D:8)
  A centaur (D:9)
  A crocodile (D:9)
  2 scorpions (D:9)
  2 killer bees (D:9)
  A howler monkey (D:9)
  3 wights (D:10)
  A crimson imp (D:9)
  An orc wizard (D:9)
  A worker ant (D:9)
  4 orcs
  A jackal (D:9)
  A fungus (D:9)
26 creatures vanquished.

Vanquished Creatures (others)
  3 orc wizards (D:9)
  An orc priest (D:8)
  15 orcs
  4 fungi (D:9)
23 creatures vanquished.

Grand Total: 278 creatures vanquished

Notes
Turn   | Place    | Note
-------+----------+-------------------------------------------
     0 | D:1      | P0NYSLAYSTATION the Hill Orc Fighter began the quest for
                  | the Orb.
     0 | D:1      | Reached XP level 1. HP: 19/19 MP: 1/1
    43 | D:1      | Reached XP level 2. HP: 27/27 MP: 2/2
   335 | D:1      | Reached XP level 3. HP: 32/33 MP: 3/3
   648 | D:5      | Entered Level 5 of the Dungeon
   650 | D:5      | Found a shadowy altar of Dithmenos.
   681 | D:5      | HP: 1/33 [water moccasin zombie (5)]
   684 | D:5      | Reached XP level 4. HP: 2/40 MP: 4/4
   946 | D:6      | Noticed a bullfrog
   960 | D:6      | Killed a bullfrog
   960 | D:6      | Reached XP level 5. HP: 27/47 MP: 5/5
  1073 | D:7      | Noticed an ogre
  1195 | D:5      | Killed an ogre
  1195 | D:5      | Reached XP level 6. HP: 17/53 MP: 6/6
  1666 | D:7      | Reached skill level 5 in Armour
  1666 | D:7      | Reached skill level 1 in Dodging
  1713 | D:8      | Noticed a phantom
  2050 | D:8      | Became a worshipper of Beogh the Brigand
  2246 | D:1      | Reached XP level 7. HP: 57/60 MP: 7/7
  3130 | D:2      | Reached * piety under Beogh
  3179 | D:2      | Found a burning altar of Makhleb.
  3317 | D:3      | Noticed Natasha
  3328 | D:3      | Killed Natasha
  3977 | D:4      | Found Goast's Food Boutique.
  4000 | D:4      | Noticed Blork the orc
  4036 | D:4      | Killed Blork the orc
  4036 | D:4      | Reached skill level 5 in Polearms
  4036 | D:4      | Reached skill level 5 in Shields
  4063 | D:4      | Found Vuijifecw's Gadget Shop.
  4073 | D:4      | Found Neuch's Antique Weapon Boutique.
  4102 | D:4      | Found Uddec's Antique Weapon Shoppe.
  4165 | D:4      | Found Zin's Purification Station.
  4197 | D:4      | Found a glowing silver altar of Zin.
  4205 | D:4      | Bought a potion of curing for 90 gold pieces
  4220 | D:4      | Bought a runed trident for 162 gold pieces
  4559 | D:4      | Found Dearoibb's Weapon Shop.
  4616 | D:4      | Found an ornate altar of the Wu Jian Council.
  4637 | D:4      | Reached skill level 5 in Fighting
  4671 | D:4      | Noticed Ijyb
  4674 | D:4      | Killed Ijyb
  4799 | D:4      | Found a runed translucent door.
  4800 | D:4      | Noticed Crazy Yiuf
  4953 | D:4      | Killed Crazy Yiuf
  5111 | D:5      | Found a snail-covered altar of Cheibriados.
  5270 | D:5      | Reached ** piety under Beogh
  5322 | D:5      | Found a hazy altar of Hepliaklqana.
  5322 | D:5      | Found a bloodstained altar of Trog.
  5371 | D:5      | Reached XP level 8. HP: 64/68 MP: 8/8
  5904 | D:6      | Found a staircase to the Ecumenical Temple.
  6004 | Temple   | Entered the Ecumenical Temple
  6374 | D:6      | Reached *** piety under Beogh
  6467 | D:6      | Noticed Prince Ribbit
  7143 | D:8      | Found a snail-covered altar of Cheibriados.
  7186 | D:8      | Noticed Psyche
  7207 | D:8      | Killed Psyche
  7207 | D:8      | Reached XP level 9. HP: 44/75 MP: 9/9
  8042 | D:9      | Reached **** piety under Beogh
  8053 | D:9      | Found a staircase to the Lair.
  8204 | D:9      | Noticed a troll
  8226 | D:9      | Killed a troll
  8226 | D:9      | Reached XP level 10. HP: 22/83 MP: 10/10
  8702 | D:9      | Found Viobet's Antique Weapon Boutique.
  8905 | D:9      | Found a staircase to the Orcish Mines.
  9295 | D:10     | Entered Level 10 of the Dungeon
  9457 | Lair:1   | Entered Level 1 of the Lair of Beasts
  9483 | Lair:1   | Noticed a spiny frog
  9500 | Lair:1   | Killed a spiny frog
  9500 | Lair:1   | Reached skill level 10 in Polearms
  9954 | D:9      | Reached skill level 10 in Shields
 10246 | D:10     | Noticed a two-headed ogre
 10268 | D:9      | Killed a two-headed ogre
 10268 | D:9      | Reached skill level 1 in Stealth
 10842 | D:10     | Found the +7 mace of Variability {chain chaos}
 10859 | D:10     | Reached skill level 1 in Throwing
 10860 | D:10     | Found a shimmering altar of Xom.
 11386 | D:10     | Reached XP level 11. HP: 76/92 MP: 12/12
 11798 | D:11     | Noticed a six-headed hydra
 13031 | Lair:2   | Found a dark tunnel.
 13194 | Volcano  | Entered a volcano
 13326 | Volcano  | HP: 3/92 [something (6)]
 13738 | Volcano  | Found a radiant altar of Vehumet.
 13738 | Volcano  | Noticed a two-headed ogre
 13738 | Volcano  | Noticed an ogre mage
 13738 | Volcano  | Noticed a two-headed ogre
 13738 | Volcano  | Noticed a two-headed ogre
 13751 | Volcano  | Killed a two-headed ogre
 13753 | Volcano  | Gained mutation: Your mind is acute. (Int +2) [potion of
                  | mutation]
 13753 | Volcano  | Gained mutation: Your mind is very acute. (Int +4) [potion
                  | of mutation]
 13753 | Volcano  | Gained mutation: Your movements are slightly less
                  | encumbered by armour. (ER -2) [potion of mutation]
 13772 | Volcano  | Killed an ogre mage
 13787 | Volcano  | Identified a scroll of acquirement
 13793 | Volcano  | Noticed a two-headed ogre
 13796 | Volcano  | Slain by a two-headed ogre

Levels and vault maps discovered:
D:1:      mainiacjoe_arrival_reflecting_pool, layout_basic, serial_forest,
          infiniplex_forest_straight_4, infiniplex_forest_clump_large,
          infiniplex_forest_clump_long, infiniplex_forest_end_1,
          infiniplex_forest_clump_small, infiniplex_forest_side_room
D:2:      layout_rooms, first_ration, st_stairs_11, chequers_mini_garden,
          hangedman_decor_growths, bloody_makhleb
D:3:      layout_basic, uniq_natasha
D:4:      layout_basic, kennysheep_little_box, zin_purify, serial_shops,
          nicolae_shop_behind_doors, nicolae_shop_waterfront, shop,
          nicolae_shop_waterfront, nicolae_shop_trees, minmay_cut_off,
          uniq_crazy_yiuf_cottage, uniq_ijyb, uniq_blork_the_orc
D:5:      layout_basic, gammafunk_temple_overflow_elements,
          nicolae_dithmenos_shadow_blocks, slow_altar_2, portal_sewer_entry_b
D:6:      minmay_evil_eye, layout_loops_corners, minmay_temple_entry_junction_2,
          uniq_prince_ribbit1
D:7:      layout_cave_pools, minmay_nine_imps
D:8:      layout_cave_pods, basic_altar, blue_anna_alchemist
          [blue_anna_fruit_fields, blue_anna_fruit_fields],
          small_statue_alley_b, uniq_psyche
D:9:      layout_basic, due_lair_maze_entry_diamond, orc_0_dummy, serial_shops,
          nicolae_shop_overgrown_old_shop
D:10:     layout_grid_maze, minmay_guarded_unrand_variability
D:11:     layout_rooms
Temple:   eino_wide_crystal_templ
Lair:1:   layout_layer_cave, st_stairs_12, beast_lair_carwin_4,
          grunt_megastairs_3
Lair:2:   layout_chaotic_city, minmay_swamp_entry_reptiles,
          nicolae_volcano_entry_two_sided
Volcano:  volcano_lake [vl_original]

Skill      XL: |  1  2  3  4  5  6  7  8  9 10 11 |
---------------+----------------------------------+-----
Fighting       | 4 5 6 7 |  7.6
Polearms       | 3 4 5 7 9 10 11 | 11.8
Shields        | 4 5 7 8 10 11 | 11.0
Armour         | 4 5 6 7 8 |  8.6
Dodging        | 1 2 3 |  3.4
Invocations    | 2 |  2.1
Stealth        | 1 |  1.1
Throwing       | 1 2 |  2.5
Evocations     | |  0.8

Action                   |  1- 3 |  4- 6 |  7- 9 | 10-12 || total
-------------------------+-------+-------+-------+-------++-------
Melee: Trident           |   135 |   100 |   784 |   484 ||  1503
Throw: Boomerang         |       |     6 |     1 |    43 ||    50
Invok: Convert to Beogh  |       |     1 |       |       ||     1
       Smiting           |       |       |     1 |     1 ||     2
       Recall Orcish Fol |       |       |       |     4 ||     4
Evoke: Wand              |       |     5 |       |     8 ||    13
  Use: Potion            |     1 |     2 |     4 |    10 ||    17
       Scroll            |       |       |     6 |    12 ||    18
 Stab: Distracted        |       |       |       |     1 ||     1
       Confused          |       |       |       |     1 ||     1
  Eat: Chunk             |       |     4 |    14 |     6 ||    24
       Ration            |       |       |     2 |     4 ||     6
Armor: Scale mail        |    71 |    52 |   277 |   156 ||   556
Dodge: Dodged            |    43 |    36 |   198 |   106 ||   383
Block: Shield            |    63 |    68 |   318 |   198 ||   647

Table legend:
 A = Non-vault XP
 B = Vault XP
 C = Vault XP percentage of total XP
 D = Non-vault monster count
 E = Vault monster count
 F = Vault count percentage of total count
                 A         B        C        D         E       F
            +---------+---------+-------+---------+---------+-------
      Total |    9657 |    5550 |  36.5 |     204 |      50 |  19.7
            +---------+---------+-------+---------+---------+-------
        D:1 |      60 |       0 |   0.0 |      33 |       0 |   0.0
        D:2 |      50 |       6 |  10.7 |      18 |       3 |  14.3
        D:3 |      31 |      35 |  53.0 |      16 |       1 |   5.9
        D:4 |     246 |     171 |  41.0 |      14 |       3 |  17.6
        D:5 |     359 |      67 |  15.7 |      14 |       8 |  36.4
        D:6 |     605 |      84 |  12.2 |      17 |       2 |  10.5
        D:7 |     131 |     320 |  71.0 |       7 |       9 |  56.2
        D:8 |     514 |     513 |  50.0 |      16 |       2 |  11.1
        D:9 |    2665 |     950 |  26.3 |      40 |      10 |  20.0
       D:10 |    3016 |     355 |  10.5 |      20 |       2 |   9.1
     Lair:1 |    1091 |    1035 |  48.7 |       4 |       5 |  55.6
     Lair:2 |     889 |       0 |   0.0 |       5 |       0 |   0.0
    Volcano |       0 |    2014 | 100.0 |       0 |       5 | 100.0
            +---------+---------+-------+---------+---------+-------
